 Dungeon Crawl Stone Soup version 0.30-a0-325-gb515db48ae (console) character file.

Game seed: 5598379001782173676

98 Ignak the Trooper (level 4, 0/48 HPs)
             Began as an Ogre Warper on Oct 28, 2022.
             Succumbed to an adder's poison
             ... on level 3 of the Dungeon.
             The game lasted 00:03:49 (2187 turns).

Ignak the Trooper (Ogre Warper)                     Turns: 2187, Time: 00:03:49

Health: 0/48       AC:  3    Str: 17    XL:     4   Next: 71%
Magic:  0/8        EV: 10    Int: 14    God:
Gold:   168        SH:  0    Dex:  8    Spells: 1/9 levels left

rFire   . . .      SeeInvis .    j - +1 flail (holy)
rCold   . . .      Faith    .    (no shield)
rNeg    . . .      Spirit   .    b - +0 robe
rPois   .          Reflect  .    (helmet restricted)
rElec   .          Harm     .    (no cloak)
rCorr   .          Rampage  .    (gloves unavailable)
Will    .....                    (boots unavailable)
Stlth   +.........               (no amulet)
HPRegen 0.28/turn                (no ring)
MPRegen 0.11/turn                (no ring)

@: lethally poisoned (0 -> -2), very slightly contaminated
A: large, unfitting armour, tough skin 1
a: no special abilities


You were on level 3 of the Dungeon.
You visited 1 branch of the dungeon, and saw 3 of its levels.

You collected 168 gold pieces.

Inventory:

Hand Weapons
 j - a +1 flail of holy wrath (weapon)
Missiles
 d - 7 boomerangs of dispersal
 g - 5 poisoned darts (quivered)
 m - 2 throwing nets
Armour
 b - a +0 robe (worn)
Scrolls
 c - a scroll of blinking
 e - a scroll of poison {unknown}
 f - 3 scrolls of amnesia {unknown}
 h - 3 scrolls of identify {unknown}
 i - a scroll of butterflies {unknown}
 k - a scroll of brand weapon {unknown}
Potions
 a - a potion of invisibility {unknown}
 l - a potion of flight {unknown}
 n - 2 potions of heal wounds {unknown}


   Skills:
 * Level 3.7 Fighting
 * Level 2.4 Maces & Flails
 + Level 1.7 Throwing
 + Level 2.6 Dodging
 + Level 0.0 Unarmed Combat
 + Level 3.0 Spellcasting
 + Level 3.1 Translocations


You had one spell level left.
You knew the following spells:

 Your Spells              Type           Power      Damage    Failure   Level
a - Teleport Other        Tloc           10%        N/A       19%         3
b - Blink                 Tloc           20%        N/A       9%          2
c - Vhi's Electric Charg  Tloc/Air       12%        N/A       34%         3

Your spell library contained the following spells:

 Spells                   Type           Power      Damage    Failure   Level
 Lesser Beckoning         Tloc           20%        N/A       19%         3
 Static Discharge         Conj/Air       4%         2-3/arc   32%         2
 Manifold Assault         Tloc           10%        N/A       52%         4
 Passage of Golubria      Tloc           10%        N/A       52%         4
 Tukima's Dance           Hex            2%         N/A       54%         3
 Arcjolt                  Conj/Air       1%         1d11      99%         5
 Lightning Bolt           Conj/Air       1%         1d12      99%         5
 Yara's Violent Unravell  Hex/Tmut       1%         3d3       99%         5


Dungeon Overview and Level Annotations

Branches:
Dungeon (3/15)

Altars:
Fedhas


Innate Abilities, Weirdness & Mutations

You are too large for most types of armour.
You have tough skin. (AC +1)


Message History

The bat closely misses you. The endoplasm attacks as you move away!
The endoplasm barely misses you.
Found a scroll labelled TIROYDD ZIRU.
You feel stable enough to blink again. The bat hits you but does no damage.
The rat bites you.
* * * LOW HITPOINT WARNING * * *
The bat closely misses you.
Your magical contamination has completely faded away.
You see here 7 gold pieces.
You closely miss the bat. The bat hits you but does no damage.
The adder barely misses you.
Casting: Blink (safe; 9% risk of failure)
Confirm with . or Enter, or press ? or * to list all spells.
Aiming: Teleport Other (dangerous; 19% risk of failure)
Press: ? - help, Shift-Dir - straight line, f - adder
Aim: an adder (chance to affect: 57%)
You miscast Teleport Other.
You are very lightly contaminated with residual magic.
Nothing appears to happen.
The adder bites you.
* * * LOW HITPOINT WARNING * * *
You are poisoned.
The adder poisons you!
Casting: Teleport Other (dangerous; 19% risk of failure)
Confirm with . or Enter, or press ? or * to list all spells.
You blink.
A bat comes into view.
You feel sick. The bat closely misses you.
Unknown command.
You feel sick. The adder bites you.
* * * LOW HITPOINT WARNING * * *
The bat attacks as you move away! The bat barely misses you.
The adder attacks as you move away! The adder closely misses you.
You feel sick. The bat hits you but does no damage.
You miss the adder.
You feel sick. The adder bites you.
* * * LOW HITPOINT WARNING * * *
The adder bites you.
* * * LOW HITPOINT WARNING * * *
You barely miss the adder.
You feel stable enough to blink again.
You die...

#. #.#.. #?
###.####.#. #.###
.....##.. ...#
#...#..### #.###
##...#..#$.. #..$#
#.......###.###r###
#.......#.bSbJ#
##.#....###S###
##.........#@#
###>..###....#.#.#
###...#..####...†!.#
....###...# #.....##
##### #.#.# #######
....###...##
.##.#......#
......##.###
......##.#


You could see 2 adders, 2 bats and a rat.

Vanquished Creatures
  A hound (D:3)
  An adder (D:3)
  3 dart slugs (D:1)
  5 ball pythons
  7 endoplasms
  4 giant cockroaches
  2 goblins (D:1)
  4 hobgoblins
  2 kobolds
  3 quokkas
  5 bats
  2 frilled lizards
  12 rats
51 creatures vanquished.

Notes
Turn   | Place    | Note
-------+----------+-------------------------------------------
     0 | D:1      | Ignak the Ogre Warper began the quest for the Orb.
     0 | D:1      | Reached XP level 1. HP: 22/22 MP: 3/3
   152 | D:1      | Reached XP level 2. HP: 29/29 MP: 5/5
   156 | D:1      | Learned a level 2 spell: Blink
   353 | D:1      | Reached XP level 3. HP: 22/37 MP: 7/7
   514 | D:1      | Learned a level 3 spell: Vhi's Electric Charge
  1874 | D:3      | Found a blossoming altar of Fedhas.
  1907 | D:3      | Reached XP level 4. HP: 20/46 MP: 8/8
  2097 | D:3      | Learned a level 3 spell: Teleport Other
  2186 | D:3      | HP: 2/48 [adder (3)]
  2187 | D:3      | Succumbed to an adder's poison

Illustrated notes

Levels and vault maps discovered:
D:1:      dpeg_arrival_signposts, layout_loops_ring, minmay_rat_gold_closets
D:2:      layout_loops_ring
D:3:      layout_rooms, fedhas_altar_2, gammafunk_temple_overflow_wave,
          mrwooster_statue_mirror, minmay_quantized

Skill      XL: |  1  2  3  4 |
---------------+-------------+-----
Fighting       | 3 |  3.7
Maces & Flails | 2 |  2.4
Translocations | 3 |  3.1
Spellcasting   | 3 |  3.0
Throwing       | |  1.7
Dodging        | |  2.6

Action                   |  1- 3 |  4- 6 || total
-------------------------+-------+-------++-------
Melee: Mace              |    86 |       ||    86
       Punch             |     1 |       ||     1
       Flail             |    49 |    21 ||    70
Throw: Dart              |       |     1 ||     1
 Cast: Blink             |       |     2 ||     2
Armor: Robe              |    56 |    18 ||    74
Dodge: Dodged            |    79 |    31 ||   110

Table legend: (Time is in decaauts)
 A = Elapsed time spent in this place.
 B = Non-inter-level travel time spent in this place.
 C = Inter-level travel time spent in this place.
 D = Time resting spent in this place.
 E = Time spent auto-exploring this place.
 F = Levels seen in this place.
 G = Mean time per level.
                   A        B        C        D        E       F      G
               +--------+--------+--------+--------+--------+-----+--------+
         Total |   2232 |   2161 |     71 |    308 |   1232 |   3 |  744.0 |
       Dungeon |   2232 |   2161 |     71 |    308 |   1232 |   3 |  744.0 |
               +--------+--------+--------+--------+--------+-----+--------+

Top non-repeatable levels by time:
     D:1: 1201 daAuts
     D:2: 703 daAuts
     D:3: 327 daAuts
